 Dungeon Crawl Stone Soup version 0.26-a0-682-g294304f6e8 (webtiles) character file.

Game seed: 5356222244069829907

107 ardl the Sneak (level 4, -16/44 HPs)
             Began as a Naga Monk on Oct 22, 2020.
             Blown up by a goblin (27 damage)
             ... with a disintegration bolt
             ... on level 3 of the Dungeon.
             The game lasted 00:06:05 (2407 turns).

ardl the Sneak (Naga Monk)                          Turns: 2407, Time: 00:06:06

Health: -16/44     AC:  3    Str: 15    XL:     4   Next: 85%
Magic:  4/4        EV:  9    Int: 10    God:
Gold:   87         SH:  0    Dex: 13    Spells: 3/3 levels left

rFire    . . .     SeeInvis +   a - +0 hand axe
rCold    . . .     Faith    .   (no shield)
rNeg     . . .     Spirit   .   l - +0 ring mail
rPois    +         Reflect  .   (no helmet)
rElec    .         Harm     .   (no cloak)
rCorr    .         Rampage  .   (no gloves)
MR       .....                  (no barding)
Stlth    ++........             (no amulet)
HPRegen  0.14/turn              (no ring)
MPRegen  0.09/turn              (no ring)

@: very slow
A: large, see invisible, deformed body, poison resistance, slowness 2, spit
poison 1, AC +1
a: Spit Poison


You were on level 3 of the Dungeon.
You visited 1 branch of the dungeon, and saw 3 of its levels.

You collected 87 gold pieces.

Inventory:

Hand Weapons
 a - a +0 hand axe (weapon)
Missiles
 h - 6 poisoned darts (quivered)
Armour
 l - a +0 ring mail (worn)
Jewellery
 j - an uncursed amulet of regeneration {unknown}
Scrolls
 b - a scroll of noise {unknown}
 c - a scroll of random uselessness {unknown}
 f - a scroll of enchant weapon {unknown}
 g - 3 scrolls of fog {unknown}
 k - a scroll of immolation {unknown}
 m - a scroll of enchant armour {unknown}
Potions
 d - 2 potions of might
 e - a potion of curing {unknown}
 i - a potion of haste {unknown}


   Skills:
 + Level 3.6 Fighting
 - Level 3.6 Axes
 - Level 2.4 Dodging
 + Level 4.5 Stealth
 * Level 2.1 Unarmed Combat


You had 3 spell levels left.
You didn't know any spells.
Your spell library was empty.

Dungeon Overview and Level Annotations

Branches:
Dungeon (3/15)

Altars:

Annotations:
D:2 exclusion: zombie


Innate Abilities, Weirdness & Mutations

You cannot wear boots.
Your serpentine skin is tough. (AC +1)
You have supernaturally acute eyesight. (SInv)
Armour fits poorly on your strangely shaped body.
Your system is resistant to poisons. (rPois)
You cover ground very slowly.
You can spit poison.


Message History

You slash the orc!
You kill the orc!
You slash the orc!
You kill the orc!
You start resting.
A goblin comes into view.
It is carrying a wand of disintegration (10).
You regained 7 hp, and now have 9/44 hp.
Things that are here:
a +0 morningstar; a +0 leather armour; an orc corpse You see here a poisoned dart.
You see here a poisoned dart.
You see here 2 poisoned darts.
The goblin zaps a wand.
You struggle to resist.
Unknown command.
You feel a little less mighty now.
The goblin zaps a wand.
You are blasted!
Ouch! That really hurt!
You die...

.#...##.####.##.######
....##..............# ..
#...##.####.........##### #.#
##...##.# #..[..........# #..#
#†...#..# #.........###.#
.#†.###....#..# #.........# #(#
..#.......#...####.........# #.#
......#....................###.#
#......?.g(.(.(.@#.<.......##..#
##.....()..#....##......<..##.##
#.....(......#..#............#
#.#..<..####.##.....####..####
..............#......# #.##
................#..#.# #..#
###.###.###........#.##..## ..
#(.##.⌠......#..... #.
#####.....#####.....


You could see a goblin.

Vanquished Creatures
  An orc priest (D:3)
  An adder (D:2)
  An ooze (D:1)
  A worm (D:3)
  2 dart slugs
  3 leopard geckos
  2 orcs (D:3)
  4 bats
  2 giant cockroaches
  6 goblins
  10 hobgoblins
  2 quokkas (D:2)
  5 frilled lizards
  3 kobolds (D:1)
  8 rats
51 creatures vanquished.

Notes
Turn   | Place    | Note
-------+----------+-------------------------------------------
     0 | D:1      | ardl the Naga Monk began the quest for the Orb.
     0 | D:1      | Reached XP level 1. HP: 21/21 MP: 1/1
   126 | D:1      | Reached XP level 2. HP: 26/28 MP: 2/2
   750 | D:1      | Reached XP level 3. HP: 34/34 MP: 3/3
  1367 | D:2      | Reached skill level 4 in Stealth
  1367 | D:2      | Reached skill level 1 in Unarmed Combat
  1837 | D:2      | Reached XP level 4. HP: 42/42 MP: 4/4
  2346 | D:3      | HP: 2/42 [orc (2)]
  2407 | D:3      | Blown up by a goblin

Illustrated notes

Levels and vault maps discovered:
D:1:      dpeg_arrival_line_fractal, layout_loops_ring
D:2:      layout_loops_corners
D:3:      layout_rooms, chequers_garden, grunt_ministairs_4, item_on_display_a,
          uniq_robin, uniq_jessica

Skill      XL: |  1  2  3  4 |
---------------+-------------+-----
Stealth        | 4 |  4.5
Unarmed Combat | 1 2 |  2.1
Fighting       | |  3.6
Axes           | |  3.6
Dodging        | |  2.4

Action                   |  1- 3 |  4- 6 || total
-------------------------+-------+-------++-------
Melee: Hand axe          |    62 |    21 ||    83
Throw: Dart              |     1 |     8 ||     9
 Abil: Spit Poison       |    31 |    10 ||    41
  Use: Scroll            |     1 |       ||     1
       Potion            |       |     1 ||     1
 Stab: Sleeping          |     2 |       ||     2
Armor: Robe              |     3 |       ||     3
       Ring mail         |       |     5 ||     5
Dodge: Dodged            |    26 |    10 ||    36

Table legend: (Time is in decaauts)
 A = Elapsed time spent in this place.
 B = Non-inter-level travel time spent in this place.
 C = Inter-level travel time spent in this place.
 D = Time resting spent in this place.
 E = Time spent auto-exploring this place.
 F = Levels seen in this place.
 G = Mean time per level.
                   A        B        C        D        E       F      G
               +--------+--------+--------+--------+--------+-----+--------+
         Total |   3025 |   2772 |    253 |    373 |   1972 |   3 | 1008.3 |
       Dungeon |   3025 |   2772 |    253 |    373 |   1972 |   3 | 1008.3 |
               +--------+--------+--------+--------+--------+-----+--------+

Top non-repeatable levels by time:
     D:1: 1391 daAuts
     D:2: 1375 daAuts
     D:3: 257 daAuts
